 Dungeon Crawl Stone Soup version 0.21.1-1-g345015f (webtiles) character file.

248 n0claF the Caller (level 5, -5/28 HPs)
             Began as a Deep Elf Summoner on June 14, 2018.
             Was an Initiate of Sif Muna.
             Slain by an orc wizard
             ... wielding a +0 antimagic dagger
              (6 damage)
             ... on level 5 of the Dungeon.
             The game lasted 00:20:47 (4851 turns).

n0claF the Caller (Deep Elf Summoner)               Turns: 4851, Time: 00:20:48

Health: -5/28      AC:  8    Str:  5    XL:     5   Next: 86%
Magic:  3/14       EV: 14    Int: 21    God:    Sif Muna [......]
Gold:   187        SH:  0    Dex: 15    Spells: 3/13 levels left

rFire    . . .     SeeInvis .   u - +2 bardiche (vamp) {!w}
rCold    . . .     Gourm    .   (shield currently unavailable)
rNeg     . . .     Faith    .   a - +0 robe
rPois    .         Spirit   .   k - +2 helmet
rElec    .         Reflect  .   (no cloak)
rCorr    .         Harm     .   (no gloves)
MR       .....                  (no boots)
Stlth    +++.......             (no amulet)
HPRegen  0.09/turn              g - +3 ring of protection
MPRegen  0.14/turn              (no ring)

@: lethally poisoned (-5 -> -9)
A: no striking features
a: Renounce Religion


You were on level 5 of the Dungeon.
You worshipped Sif Muna.
Sif Muna was noncommittal.
You were not hungry.

You visited 2 branches of the dungeon, and saw 6 of its levels.

You collected 187 gold pieces.

Inventory:

Hand Weapons
 u - a +2 vampiric bardiche (weapon) {!w}
   (You found it on level 4 of the Dungeon)
Armour
 a - a +0 robe (worn)
 k - a +2 helmet (worn)
   (You found it on level 2 of the Dungeon)
Jewellery
 g - a +3 ring of protection (left hand)
   (You found it on level 1 of the Dungeon)
 i - an uncursed ring of flight {unknown}
   (You found it on level 1 of the Dungeon)
Scrolls
 d - a scroll of remove curse {unknown}
 f - 3 scrolls of fear {unknown}
 h - a scroll of noise {unknown}
 m - a scroll of magic mapping {unknown}
 n - a scroll of enchant weapon {unknown}
 o - 3 scrolls of identify {unknown}
 s - 2 scrolls of teleportation {unknown}
 v - a scroll of enchant armour {unknown}
Potions
 c - a potion of berserk rage {unknown}
 j - a potion of agility {unknown}
 p - a potion of flight {unknown}
 q - a potion of heal wounds {unknown}
 r - a potion of lignification {unknown}
 t - a potion of curing {unknown}
Books
 b - a book of Callings
Comestibles
 e - 5 rations {!d}
 l - 2 chunks of flesh


   Skills:
 + Level 0.6 Polearms
 + Level 4.3 Dodging
 + Level 4.3 Stealth
 + Level 4.6 Spellcasting
 + Level 5.4 Summonings


You had 3 spell levels left.
You knew the following spells:

 Your Spells              Type           Power        Failure   Level  Hunger
a - Summon Small Mammal   Summ           ####         1%          1    None
b - Call Imp              Summ           ####....     1%          2    #......
c - Call Canine Familiar  Summ           ####....     3%          3    ##.....
d - Summon Ice Beast      Ice/Summ       ###.....     36%         4    ####...


Dungeon Overview and Level Annotations

Branches:
Dungeon (5/15)             Temple (1/1) D:4

Altars:
Ashenzari
Cheibriados
Elyvilon
Gozag
Kikubaaqudgha
Makhleb
Nemelex Xobeh
Okawaru
Qazlal
Ru
Sif Muna
Vehumet
Wu Jian
Xom
Yredelemnul
Zin
The Shining One


Message History

The magic dart hits your crimson imp. The worker ant closely misses you.
Your hound bites the orc.
* * * LOW HITPOINT WARNING * * *
You feel sick.
Your hound barely misses the orc.
The worker ant bites you.
* * * LOW HITPOINT WARNING * * *
* * * LOW HITPOINT WARNING * * *
You feel sick.
The orc wizard hits something but does no damage.
The orc hits you but does no damage. The worker ant barely misses you.
Your hound barely misses the orc wizard.
The orc wizard gestures wildly while chanting.
The orc wizard blinks!
You are too injured to fight recklessly!
You are too injured to fight recklessly!
You are too injured to fight recklessly!
You are too injured to fight recklessly!
Unknown command.
You hit the worker ant.
You feel better.
* * * LOW HITPOINT WARNING * * *
You feel sick.
The worker ant bites you but does no damage.
The orc misses you.
The worker ant waves its antennae.
The worker ant closely misses you. The orc misses you.
The worker ant misses you. The orc misses you.
You slash the worker ant!
You feel better.
* * * LOW HITPOINT WARNING * * *
You feel sick.
Your hound bites the orc.
The orc dies!
Sif Muna accepts your kill. The worker ant closely misses you.
A magic dart appears from out of your range of vision.
The magic dart hits your hound.
Your crimson imp hits the worker ant.
The worker ant dies!
Sif Muna accepts your kill.
You swap places.
You feel yourself speed up.
* * * LOW HITPOINT WARNING * * *
You feel sick.
The orc wizard hits you but does no damage.
The orc wizard barely misses you.
Your hound bites the orc wizard.
You barely miss the orc wizard.
* * * LOW HITPOINT WARNING * * *
You feel sick. The orc wizard casts a spell at you. The magic dart hits you!
* * * LOW HITPOINT WARNING * * *
Your hound closely misses the orc wizard.
The orc wizard hits you with an antimagic dagger.
You die...

..............#......
#...................
#>................#
#.................#
##...............#
####.....<..........#
...................#
#.............5..#
##...#.......)@h##
.....
###..########o.#
##.... ##.(### #..##
##....# ###...####..#
##..o..
##......##).## #...).
##...........# ##..(.
#.......5...##
##...)#
##...........##
##...((#
##.............#
##(o...##


You could see an orc wizard, a friendly hound and a friendly crimson imp.

Vanquished Creatures
  A gnoll (D:2)
  An adder (D:5)
  A leopard gecko (D:2)
  An orc (D:4)
  2 hobgoblins
  2 jackals
8 creatures vanquished.

Vanquished Creatures (collateral kills)
  A phantom (D:4)
  The ghost of n0claF the Caller, a weakling DESu (D:3)
  A centaur skeleton (D:4)
  Natasha (twice) (D:2)
  A worker ant (D:5)
  A hound zombie (D:5)
  2 gnolls (D:2)
  4 adders
  2 worms (D:4)
  A dart slug (D:1)
  3 leopard geckos
  7 orcs
  10 bats
  4 giant cockroaches
  7 goblins
  5 hobgoblins
  11 jackals
  8 kobolds
  2 quokkas
  5 frilled lizards
  A jackal skeleton (D:4)
  A leopard gecko skeleton (D:4)
  A leopard gecko zombie (D:5)
  A quokka skeleton (D:4)
  6 rats
88 creatures vanquished.

Grand Total: 96 creatures vanquished

Notes
Turn   | Place    | Note
-------+----------+-------------------------------------------
     0 | D:1      | n0claF the Deep Elf Summoner began the quest for the Orb.
     0 | D:1      | Reached XP level 1. HP: 10/10 MP: 6/6
   449 | D:1      | Reached XP level 2. HP: 15/15 MP: 4/8
   456 | D:1      | Learned a level 2 spell: Call Imp
  1771 | D:2      | Reached XP level 3. HP: 13/19 MP: 6/10
  1876 | D:2      | Learned a level 3 spell: Call Canine Familiar
  1880 | D:2      | Noticed Natasha
  2085 | D:2      | Killed Natasha
  2320 | D:2      | Reached XP level 4. HP: 24/24 MP: 11/11
  2514 | D:2      | Noticed Natasha
  2524 | D:2      | Killed Natasha
  2649 | D:3      | Reached skill level 5 in Summonings
  2979 | D:3      | Noticed n0claF's ghost (weakling DESu)
  3010 | D:3      | Killed n0claF's ghost
  3733 | D:4      | Learned a level 4 spell: Summon Ice Beast
  3922 | D:4      | Found a staircase to the Ecumenical Temple.
  3931 | Temple   | Entered the Ecumenical Temple
  4090 | Temple   | Became a worshipper of Sif Muna the Loreminder
  4210 | D:4      | Found a sacrificial altar of Ru.
  4232 | D:4      | Reached XP level 5. HP: 28/28 MP: 9/13
  4372 | D:4      | Noticed a phantom
  4474 | D:4      | Killed a phantom
  4686 | D:5      | Entered Level 5 of the Dungeon
  4851 | D:5      | HP: 1/28 [orc wizard/magic dart (4)]
  4851 | D:5      | Slain by an orc wizard

Skill      XL: |  1  2  3  4  5 |
---------------+----------------+-----
Stealth        | 3 4 |  4.3
Dodging        | 3 4 |  4.3
Summonings     | 5 |  5.4
Spellcasting   | 4 |  4.6
Polearms       | |  0.6

Action                   |  1- 3 |  4- 6 || total
-------------------------+-------+-------++-------
Melee: Spear             |    32 |    19 ||    51
       Bardiche          |       |    21 ||    21
 Cast: Summon Small Mamm |    21 |       ||    21
       Call Imp          |    40 |    28 ||    68
       Call Canine Famil |     5 |    32 ||    37
 Stab: Distracted        |     1 |     1 ||     2
  Eat: Chunk             |     6 |     8 ||    14
       Ration            |       |     2 ||     2
Armor: Robe              |    16 |    28 ||    44
Dodge: Dodged            |    33 |    49 ||    82
